 Dungeon Crawl Stone Soup version 0.27-a0-604-g29a88b33a7 (webtiles) character file.

Game seed: 9523723940339130830

2 spiderkeys the Gusty (level 1, 0/10 HPs)
             Began as a Tengu Air Elementalist on Mar 12, 2021.
             Slain by a leopard gecko (4 damage)
             ... on level 1 of the Dungeon.
             The game lasted 00:00:45 (135 turns).

spiderkeys the Gusty (Tengu Air Elementalist)        Turns: 135, Time: 00:00:45

Health: 0/10       AC:  2    Str:  8    XL:     1   Next: 40%
Magic:  0/4        EV: 12    Int: 15    God:
Gold:   10         SH:  0    Dex: 14    Spells: 3/4 levels left

rFire    . . .     SeeInvis .   (no weapon)
rCold    . . .     Faith    .   (no shield)
rNeg     . . .     Spirit   .   a - +0 robe
rPois    .         Reflect  .   (helmet restricted)
rElec    .         Harm     .   (no cloak)
rCorr    .         Rampage  .   (no gloves)
Will     .....                  (boots unavailable)
Stlth    ++........             (no amulet)
HPRegen  0.03/turn              (no ring)
MPRegen  0.09/turn              (no ring)

@: no status effects
A: beak, talons 3
a: no special abilities


You were on level 1 of the Dungeon.
You visited 1 branch of the dungeon, and saw 1 of its levels.

You collected 10 gold pieces.

Inventory:

Armour
 a - a +0 robe (worn)
Potions
 b - a potion of attraction {unknown}


   Skills:
 + Level 2.2 Dodging
 - Level 2.0 Stealth
 + Level 2.0 Spellcasting
 + Level 1.4 Conjurations
 * Level 4.1 Air Magic


You had 3 spell levels left.
You knew the following spells:

 Your Spells              Type           Power      Damage    Failure   Level
a - Shock                 Conj/Air       36%        1d5       7%          1

Your spell library contained the following spells:

 Spells                   Type           Power      Damage    Failure   Level
 Swiftness                Air            14%        N/A       6%          2
 Static Discharge         Conj/Air       9%         N/A       22%         3
 Airstrike                Air            7%         N/A       36%         4
 Lightning Bolt           Conj/Air       4%         1d16      89%         5


Dungeon Overview and Level Annotations

Branches:
Dungeon (1/15)

Altars:


Innate Abilities, Weirdness & Mutations

You have a beak for a mouth.
You have claws for feet.


Message History

A bat is nearby!
The zap hits the bat.
You kill the bat!
Magic restored.
A bat comes into view.
The zap hits the bat.
You kill the bat!
Found an escape hatch in the floor.
You now have 10 gold pieces.
A bat comes into view.
The bat barely misses you.
The zap misses the bat.
The bat hits you.
The zap hits the bat.
The bat is severely wounded.
The zap misses the bat.
The bat barely misses you.
The zap hits the bat.
You kill the bat!
HP restored.
A leopard gecko comes into view.
The zap hits the leopard gecko.
The leopard gecko is severely wounded.
The zap hits the leopard gecko.
The leopard gecko is almost dead.
The leopard gecko barely misses you.
The zap misses the leopard gecko.
The leopard gecko bites you.
The zap misses the leopard gecko.
The leopard gecko bites you.
You are too depleted to draw on your mana recklessly!
The leopard gecko barely misses you.
The zap misses the leopard gecko.
The leopard gecko barely misses you. The leopard gecko bites you.
The leopard gecko bites you.
* * * LOW HITPOINT WARNING * * *
The leopard gecko bites you but does no damage.
You are too injured to fight recklessly!
Casting: Shock (safe; 7% risk of failure)
Confirm with . or Enter, or press ? or * to list all spells.
Aiming: Shock (safe; 7% risk of failure)
Press: ? - help, Shift-Dir - straight line, f/p - leopard gecko
Aim: a leopard gecko (lightly wounded, 48% to evade)
The zap misses the leopard gecko.
The leopard gecko bites you.
You die...

#.# #.# #.# #.# #.# ## #.# ###
######## .#####.## ##.##
##≈≈≈≈..#
........#########...#####≈≈≈≈....
.#####.........l@.......##≈≈.....
## #...#########...###.#≈≈......
#.....# ##.## #.≈≈....≈≈≈ ##...##
#.# #^≈....≈... ##.## #.#
#......≈.<. #.# #.# ##≈....≈...
#.# #.# #≈≈....≈≈≈ #+# #.#
####...... #.# #≈≈≈.....


You could see a leopard gecko.

Vanquished Creatures
  3 bats (D:1)
3 creatures vanquished.

Notes
Turn   | Place    | Note
-------+----------+-------------------------------------------
     0 | D:1      | spiderkeys the Tengu Air Elementalist began the quest for
                  | the Orb.
     0 | D:1      | Reached XP level 1. HP: 10/10 MP: 4/4
   135 | D:1      | Slain by a leopard gecko

Illustrated notes

Levels and vault maps discovered:
D:1:      enne_arrival_octagon_isle, layout_loops_corners, minmay_fountain_box

Action                   || total
-------------------------++-------
 Cast: Shock             ||    11
Armor: Robe              ||     1
Dodge: Dodged            ||     5

Table legend: (Time is in decaauts)
 A = Elapsed time spent in this place.
 B = Non-inter-level travel time spent in this place.
 C = Inter-level travel time spent in this place.
 D = Time resting spent in this place.
 E = Time spent auto-exploring this place.
 F = Levels seen in this place.
 G = Mean time per level.
                   A        B        C        D        E       F      G
               +--------+--------+--------+--------+--------+-----+--------+
         Total |    135 |    135 |      0 |      0 |     96 |   1 |  135.0 |
       Dungeon |    135 |    135 |      0 |      0 |     96 |   1 |  135.0 |
               +--------+--------+--------+--------+--------+-----+--------+

Top non-repeatable levels by time:
     D:1: 135 daAuts
